[Event "*** Titled Tuesday Blitz"]
[Site "Chess.com"]
[Date "2018.07.03"]
[Round "1"]
[White "Keures"]
[Black "PlotnikovPavel"]
[Result "1-0"]
[WhiteElo "2142"]
[BlackElo "2494"]
[TimeControl "180+2"]
[EndTime "13:07:15 PDT"]
[Termination "Keures won by checkmate"]

1. d4 e6 2. c4 f5 3. g3 Nf6 4. Bg2 Bb4+ 5. Bd2 Qe7 6. a3 Bxd2+ 7. Qxd2 O-O 8. Nc3 d6 9. e4 e5 10. d5 fxe4 11. Nxe4 Bf5 12. Nxf6+ Qxf6 13. Ne2 Bd3 14. O-O Bxc4 15. Rac1 Bxe2 16. Qxe2 Na6 17. Qb5 Rab8 18.
b4 h5 19. h4 g5 20. hxg5 Qxg5 21. Bh3 h4 22. Be6+ Kg7 23. Kg2 hxg3 24. fxg3 Qe3 25.
Qd7+ Kg6 26. Bf7+ Kg7 27. Be8+ Kh6 28. Rh1+ Kg5 29. Rh5+ Kf6 30. Rf1+ Qf4 31. Qe6+ Kg7 32. gxf4 Rbxe8 33. Rg5+ Kh7 34. Rh1# 1-0

[Event "*** Titled Tuesday Blitz"]
[Site "Chess.com"]
[Date "2018.07.03"]
[Round "1"]
[White "SergeiAza"]
[Black "rekosheten"]
[Result "1-0"]
[WhiteElo "2682"]
[BlackElo "2361"]
[TimeControl "180+2"]
[EndTime "13:07:21 PDT"]
[Termination "SergeiAza won on time"]

1. e4 c6 2. Nc3 d5 3. d4 dxe4 4. Nxe4 Bf5 5. Ng3 Bg6 6. Nh3 e6 7. Nf4 Bd6 8. Ngh5 Nf6 9. Nxg7+ Ke7 10. h4 Qc7 11. g3 Rg8 12. h5 Be4 13. Ngxe6 fxe6 14. Rh4 Nbd7 15. Bh3 e5 16. Ne6 Qa5+ 17. Bd2 Qd5 18. Ng5 Rae8 19. Nxe4 Nxe4 20. Bg2 Ndf6 21. Qe2 Qxd4 22. Bxe4 Qxb2 23. Rd1 Rd8 24. Bd3 Kd7 25.
c4 1-0

[Event "*** Titled Tuesday Blitz"]
[Site "Chess.com"]
[Date "2018.07.03"]
[Round "1"]
[White "TST2014"]
[Black "VitaliyBernadskiy"]
[Result "0-1"]
[WhiteElo "2384"]
[BlackElo "2711"]
[TimeControl "180+2"]
[EndTime "13:07:23 PDT"]
[Termination "VitaliyBernadskiy won by resignation"]

1. d4 e6 2. c4 Nf6 3. Nf3 b6 4. a3 Bb7 5. Nc3 Be7 6. d5 O-O 7. e4 exd5 8. cxd5 Re8 9. Bd3 c6 10. O-O cxd5 11. exd5 Bf8 12. Bg5 d6 13. Bb5 Nbd7 14.
Bxd7 Qxd7 15. Bxf6 gxf6 16. Qd3 Qg4 17. h3 Qg6 18.
Qd4 Bg7 19. Nb5 f5 20. Qf4 Be5 21. Nxe5 dxe5 22. Qf3 Rad8 23. Rfd1 e4 24. Qb3 f4 25. f3 Re5 26. fxe4 Rxe4 27. Nc3 f3 28. Rd2 Re3 29. Qc2 Qg3 30. Rf1 Ba6 31. Rfd1 Rde8 32. Qc1 Re1+ 33. Rxe1 Rxe1+ 34. Qxe1 Qxe1+ 35. Kh2 Qxd2 0-1

[Event "*** Titled Tuesday Blitz"]
[Site "Chess.com"]
[Date "2018.07.03"]
[Round "1"]
[White "ENEASZ"]
[Black "artichaud"]
[Result "1-0"]
[WhiteElo "2513"]
[BlackElo "2142"]
[TimeControl "180+2"]
[EndTime "13:07:26 PDT"]
[Termination "ENEASZ won by resignation"]

1. e4 e6 2. d4 d5 3. Bd3 c5 4. exd5 cxd4 5. dxe6 Bxe6 6. Nf3 Nc6 7. O-O Nf6 8. Re1 Be7 9. a3 O-O 10. Bg5 h6 11. Bh4 Qb6 12. b4 Rfe8 13. Nbd2 Nd5 14. Nc4 Qd8 15. Bg3 Nc3 16. Qd2 Rc8 17. Nce5 Bf6 18.
Nxc6 Rxc6 19. Ne5 Rc8 20. h3 Bd5 21. Ng4 Rxe1+ 22. Rxe1 Bg5 23. Bf4 Be6 24. Bxg5 hxg5 25. Re5 Bxg4 26. hxg4 f6 27. Re1 a5 28. Bf5 Rc7 29.
bxa5 Re7 30. Rxe7 Qxe7 31. g3 Qxa3 32. Qd3 Qxa5 33. Qc4+ Kf8 34. Qc8+ Ke7 35. Qd7+ Kf8 36. Be6 1-0

[Event "*** Titled Tuesday Blitz"]
[Site "Chess.com"]
[Date "2018.07.03"]
[Round "1"]
[White "BabyBoss31"]
[Black "josiwales"]
[Result "0-1"]
[WhiteElo "2103"]
[BlackElo "2504"]
[TimeControl "180+2"]
[EndTime "13:07:27 PDT"]
[Termination "josiwales won on time"]

1. d4 d5 2. c4 c6 3. g3 Nf6 4. Bg2 Bf5 5. Qb3 Qd7 6. Nf3 e6 7. Bf4 dxc4 8. Qxc4 Na6 9. Ne5 Qc8 10. Nd2 Bb4 11. Nxc6 Bxd2+ 12. Bxd2 bxc6 13. Qxc6+ Qxc6 14. Bxc6+ Ke7 15. Bxa8 Rxa8 16. Rc1 Rb8 17. b3 Rb7 18. f3 h5 19. e4 Bg6 20. Rc6 Nb8 21. Rc1 Nfd7 22.
Kf2 f6 23. Bf4 e5 24. Be3 exd4 25. Bxd4 Bf7 26. Rhd1 Be6 27. Bc5+ Nxc5 28. Rxc5 g6 29. Rd2 Nd7 30. Ra5 Nb6 0-1

[Event "*** Titled Tuesday Blitz"]
[Site "Chess.com"]
[Date "2018.07.03"]
[Round "1"]
[White "1e41-0"]
[Black "nitpicker"]
[Result "1-0"]
[WhiteElo "2501"]
[BlackElo "2097"]
[TimeControl "180+2"]
[EndTime "13:07:35 PDT"]
[Termination "1e41-0 won on time"]

1. d4 Nf6 2. c4 e6 3. Nc3 Bb4 4. f3 d5 5. a3 Bxc3+ 6. bxc3 c5 7. cxd5 Nxd5 8. Qd2 Nd7 9. e4 Ne7 10. a4 Qc7 11.
Bd3 O-O 12. Ne2 Nc6 13. O-O b6 14. Qb2 e5 15. f4 cxd4 16. cxd4 Nxd4 17. Nxd4 exd4 18.
Qxd4 Qc5 19. Bb2 Qxd4+ 20. Bxd4 Bb7 21. Rfd1 Rfd8 22. a5 Nc5 23. Bxc5 bxc5 24. Kf2 Rac8 25. Ke3 Rd4 26. Rab1 Ba8 27. Rbc1 Ra4 28. a6 Kf8 29.
Rc3 f5 30. e5 Bxg2 31. Bxf5 Rc7 32. Rd8+ Kf7 33. Bxh7 Rxa6 34. f5 Rh6 35. Bg6+ Ke7 36. Kd3 Rh3+ 37. Kd2 Rxh2 38. Re8+ Kd7 39. Rd3+ Kc6 40.
Kc3 Bd5 41. Rd8 Ba2 42. Rb8 c4 43. Be8+ 1-0

[Event "*** Titled Tuesday Blitz"]
[Site "Chess.com"]
[Date "2018.07.03"]
[Round "1"]
[White "PaulfromSPb"]
[Black "DSCC1"]
[Result "1-0"]
[WhiteElo "2505"]
[BlackElo "2106"]
[TimeControl "180+2"]
[EndTime "13:07:38 PDT"]
[Termination "PaulfromSPb won by resignation"]

1. e4 e5 2. Nf3 Nf6 3. Nxe5 d6 4. Nf3 Nxe4 5. d4 d5 6. Bd3 Nc6 7. O-O Be7 8. c4 Nb4 9. Be2 O-O 10. Nc3 Nxc3 11.
bxc3 Nc6 12. Bf4 Be6 13. Rb1 Na5 14. cxd5 Bxd5 15. Qa4 b6 16. Rfd1 Bd6 17. Bxd6 Qxd6 18. c4 Be4 19. Rbc1 c5 20. d5 Nb7 21. Nd2 Bg6 22.
Bf3 Qf6 23. Nf1 Nd6 24. Ne3 Nf5 25. Nxf5 Bxf5 26. d6 Rad8 27. Qc6 Bd7 28. Qc7 Be6 29. Qxa7 Qb2 30. h3 Qb4 31. Qa6 Qa5 32. Qxa5 bxa5 33.
Bc6 Bd7 34. Bb5 Be6 35. d7 f6 36. Rd6 Kf7 37. Re1 Bf5 38. Ra6 Kg6 39. Rd1 Bc2 40.
Rd2 Be4 41. Rxa5 1-0

[Event "*** Titled Tuesday Blitz"]
[Site "Chess.com"]
[Date "2018.07.03"]
[Round "1"]
[White "DishonorOnYourCow"]
[Black "GMHess"]
[Result "0-1"]
[WhiteElo "2267"]
[BlackElo "2596"]
[TimeControl "180+2"]
[EndTime "13:07:46 PDT"]
[Termination "GMHess won by resignation"]

1. d4 g6 2. c4 Bg7 3. Nc3 c5 4. d5 Bxc3+ 5. bxc3 f5 6. h4 Nf6 7. h5 Rg8 8. hxg6 hxg6 9. Nf3 Qa5 10. Bd2 d6 11. e3 Nbd7 12. Be2 Nb6 13. Qb3 Bd7 14. Ng5 O-O-O 15. Rb1 Rh8 16. O-O Ne4 17. Nxe4 fxe4 18. f3 exf3 19. Bxf3 Rh4 20. Be2 Rdh8 21. Rf7 Bf5 22.
Rf1 Kd8 23. e4 Rxe4 24. Bd3 Reh4 25. Bg5 Rh1+ 26. Kf2 Bxd3 27. Rxh1 Rxh1 28. Rxe7 Rf1+ 29. Kg3 Rf5 30. Kg4 Rxg5+ 31. Kxg5 Kxe7 32. Qd1 Qxc3 0-1

[Event "*** Titled Tuesday Blitz"]
[Site "Chess.com"]
[Date "2018.07.03"]
[Round "1"]
[White "Opening_Prep"]
[Black "Zaven_ChessMood"]
[Result "0-1"]
[WhiteElo "2432"]
[BlackElo "2885"]
[TimeControl "180+2"]
[EndTime "13:07:47 PDT"]
[Termination "Zaven_ChessMood won by resignation"]

1. d4 Nf6 2. Bf4 g6 3. Nc3 d6 4. e4 Bg7 5. Qd2 Nc6 6. Nge2 e5 7. dxe5 Nxe5 8. Nd4 O-O 9. O-O-O c6 10. Nb3 Nh5 11. Bh6 Bxh6 12. Qxh6 Qf6 13. Qd2 a5 14. a4 b5 15.
axb5 a4 16. Nd4 a3 17. b3 c5 18. Nd5 Qg7 19. f4 Nxf4 20. Qxf4 cxd4 21. Nf6+ Kh8 22. h4 Bg4 23. Nxg4 a2 24. Kb2 Nxg4 25. Bd3 h5 26. Qxd6 Ne5 27. b6 Rfd8 28. Qc5 Rac8 29. Qb4 Qf6 30. b7 Rb8 31. Rhf1 Qc6 32. Qe7 Qc3+ 33. Kxa2 Ra8+ 34. bxa8=Q Rxa8+ 35. Qa3 Rxa3+ 36. Kxa3 Kg7 37.
Ka2 Ng4 38. Rc1 Ne3 39. Rf2 Ng4 40. Re2 Ne5 41. Rd1 Nc6 42. Kb1 Qa5 43. Kc1 Nb4 44.
Rf2 f6 45. Bc4 Qa1+ 46. Kd2 Qc3+ 47. Kc1 Qe3+ 48. Rfd2 Na2+ 49. Kb2 Nc3 50. Rd3 Nxd1+ 51. Rxd1 Qxe4 52. Bd3 Qxh4 53. b4 Qg3 54. Be4 Qc3+ 0-1

[Event "*** Titled Tuesday Blitz"]
[Site "Chess.com"]
[Date "2018.07.03"]
[Round "1"]
[White "chessking2151"]
[Black "Hrant_ChessMood"]
[Result "1-0"]
[WhiteElo "2467"]
[BlackElo "2897"]
[TimeControl "180+2"]
[EndTime "13:07:51 PDT"]
[Termination "chessking2151 won by resignation"]

1. e4 Nf6 2. e5 Nd5 3. d4 d6 4.
Nf3 Nc6 5. c4 Nb6 6. exd6 exd6 7.
Nc3 Bg4 8. Be3 Be7 9. h3 Bh5 10. b3 O-O 11. Be2 f5 12. O-O Bf6 13. Qd2 Qd7 14. d5 Bxf3 15. Bxf3 Ne5 16. Be2 Rae8 17. Rad1 Ng6 18. Rfe1 Be5 19. c5 f4 20. Bd4 Bxd4 21.
Qxd4 dxc5 22. Qxc5 Qd6 23. Qxd6 cxd6 24. Nb5 Nc8 25.
Bg4 a6 26. Bxc8 axb5 27. Bxb7 Ne5 28. a4 Rb8 29. Bc6 bxa4 30. bxa4 Rb2 31. a5 g5 32.
a6 Rf7 33. Rxe5 dxe5 34. d6 Rf8 35. d7 Rd8 36. a7 Ra2 37. Bd5+ Kf8 38. Bxa2 Ke7 39.
Bc4 e4 40. Bd5 e3 41. fxe3 fxe3 42. a8=Q e2 43. Re1 Rxa8 44. Bxa8 1-0

[Event "*** Titled Tuesday Blitz"]
[Site "Chess.com"]
[Date "2018.07.03"]
[Round "1"]
[White "goingin33"]
[Black "eljanov"]
[Result "0-1"]
[WhiteElo "2313"]
[BlackElo "2644"]
[TimeControl "180+2"]
[EndTime "13:07:54 PDT"]
[Termination "eljanov won by resignation"]

1. e4 c6 2. d4 d5 3. e5 Bf5 4. h4 h5 5. Bg5 Qb6 6. Bd3 Qxd4 7. Nf3 Qg4 8. O-O Bxd3 9. Qxd3 e6 10. c4 Qxc4 11. Qxc4 dxc4 12. Rd1 Ne7 13. Nbd2 Nd5 14.
Nxc4 Nd7 15. a3 f6 16. Bd2 Kf7 17. Re1 Be7 18. Re2 Nc5 19. b4 Nb3 20. Rae1 Nxd2 21. Ncxd2 f5 22. Nc4 Rad8 23. g3 Nc3 24. Rc2 Ne4 25.
Ncd2 Nxd2 26. Rxd2 Rxd2 27. Nxd2 Rd8 28. Nc4 Rd3 29.
Re3 Rxe3 30. Nxe3 b5 31. Kf1 c5 32. bxc5 Bxc5 33. Nc2 Ke7 34. Ke2 Kd7 35. a4 bxa4 36. f3 a3 37. Kd3 a2 38. Ke2 Bd4 0-1

[Event "*** Titled Tuesday Blitz"]
[Site "Chess.com"]
[Date "2018.07.03"]
[Round "1"]
[White "Aklanion"]
[Black "Kimster98"]
[Result "0-1"]
[WhiteElo "2051"]
[BlackElo "2489"]
[TimeControl "180+2"]
[EndTime "13:07:59 PDT"]
[Termination "Kimster98 won by resignation"]

1. e4 e5 2. Nf3 Nc6 3. Bc4 Bc5 4. b4 Bxb4 5. c3 Be7 6. d4 Na5 7. Be2 d6 8. O-O Nf6 9. Nbd2 Nc6 10. Re1 O-O 11.
h3 d5 12. exd5 Nxd5 13. Qc2 exd4 14. cxd4 Ndb4 15. Qb1 Nxd4 16. Nxd4 Qxd4 17. Nf3 Qd5 18. Bd1 Bf5 19. Qb3 Bf6 20. Qxb4 Bxa1 21. Bb3 Qd6 22. Qb5 Bd3 23. Qh5 Bg6 24. Qg4 Bf6 25. Bf4 Qc5 26. h4 Qf5 27. Qg3 c5 28. Rc1 b6 29. Bc2 Qh5 30. Bb3 Qf5 31. Bc2 Qh5 32.
Bb3 Bf5 33. Rc4 Be6 34. Rc3 Bxc3 0-1

[Event "*** Titled Tuesday Blitz"]
[Site "Chess.com"]
[Date "2018.07.03"]
[Round "1"]
[White "abhijeetgupta1016"]
[Black "GameOverBro"]
[Result "1-0"]
[WhiteElo "2808"]
[BlackElo "2424"]
[TimeControl "180+2"]
[EndTime "13:08:01 PDT"]
[Termination "abhijeetgupta1016 won by resignation"]

1. d4 d6 2. e4 Nf6 3. f3 e5 4. d5 Be7 5. Be3 h6 6. Qd2 Nbd7 7. Nc3 Nh5 8. O-O-O Bg5 9. g3 Bxe3 10.
Qxe3 Nf8 11. Bb5+ Bd7 12. Bxd7+ Qxd7 13. Nge2 a6 14. f4 Qe7 15. Qf3 Nf6 16. Kb1 N8d7 17. f5 h5 18. h3 O-O-O 19. g4 hxg4 20. hxg4 Nh7 21. Qh3 Rdg8 22. Ng1 Qd8 23. Qe3 Ng5 24. Nge2 Kb8 25. Ng3 f6 26. Nh5 Nb6 27. b3 Nd7 28. Kb2 Nc5 29. b4 Nd7 30. a4 Nb6 31. Kb3 Qd7 32. a5 Nc8 33. Na4 Na7 34. c4 Rh6 35.
Nxf6 Rxf6 36. Qxg5 Rgf8 37. Rh7 R6f7 38. Rdh1 Nc8 39.
Rh8 c6 40. Nb6 Nxb6 41. axb6 cxd5 42. exd5 e4 43. R1h7 Qe8 44. Rxf8 Qxf8 45. Qf4 Kc8 46. Qxe4 Re7 47. Rh8 Qxh8 48. Qxe7 1-0

[Event "*** Titled Tuesday Blitz"]
[Site "Chess.com"]
[Date "2018.07.03"]
[Round "1"]
[White "BlackBoarder"]
[Black "W_Amadeus"]
[Result "1/2-1/2"]
[WhiteElo "2243"]
[BlackElo "2581"]
[TimeControl "180+2"]
[EndTime "13:08:02 PDT"]
[Termination "Game drawn by repetition"]

1. e4 e5 2. Nf3 Nc6 3. Nc3 Nf6 4. Bb5 Nd4 5. Bc4 Bc5 6. d3 d6 7. Na4 b5 8. Nxd4 bxc4 9. Nf5 Bxf5 10. exf5 cxd3 11. Nxc5 dxc5 12. Qxd3 Qxd3 13. cxd3 O-O-O 14. Ke2 Nd5 15. Be3 Rhe8 16. Rac1 Nf4+ 17. Bxf4 exf4+ 18. Kd2 Re5 19. f6 gxf6 20. Rc4 Red5 21. Rxf4 Rxd3+ 22.
Kc2 Rd2+ 23. Kb1 R8d6 24. Rc1 Rb6 25. Rc2 Rd1+ 26. Rc1 Rd2 27. Rc2 Rd1+ 28. Rc1 Rd4 29. Rf3 Rd2 30. Rc2 Rd1+ 31. Rc1 Rd2 32. Rc2 Rd1+ 33. Rc1 Rd2 1/2-1/2

[Event "*** Titled Tuesday Blitz"]
[Site "Chess.com"]
[Date "2018.07.03"]
[Round "1"]
[White "David_Paravyan"]
[Black "bugsbunny444"]
[Result "1-0"]
[WhiteElo "2716"]
[BlackElo "2387"]
[TimeControl "180+2"]
[EndTime "13:08:04 PDT"]
[Termination "David_Paravyan won by resignation"]

1. Nf3 d5 2. d4 e6 3. c4 c6 4. Nc3 Nf6 5. Bg5 Nbd7 6. e3 Qa5 7. Nd2 dxc4 8. Bxf6 Nxf6 9. Nxc4 Qc7 10. g3 Be7 11. Bg2 O-O 12. O-O Rd8 13. Qe2 Bd7 14. Rac1 Rac8 15.
a3 c5 16. Ne5 cxd4 17. exd4 Be8 18. Rfd1 Qb6 19. d5 exd5 20. Nxd5 Nxd5 21. Rxc8 Rxc8 22. Bxd5 Bf6 23. Re1 g6 24. Qg4 Rc2 25. Qf4 Kg7 26. Ng4 Bd7 27. Qh6+ Kg8 28. Bxf7+ Kxf7 29. Qxh7+ Bg7 30.
Ne5+ Ke6 31. Nc4+ 1-0

[Event "*** Titled Tuesday Blitz"]
[Site "Chess.com"]
[Date "2018.07.03"]
[Round "1"]
[White "Mikhail_Antipov"]
[Black "vovachesss"]
[Result "1-0"]
[WhiteElo "2827"]
[BlackElo "2428"]
[TimeControl "180+2"]
[EndTime "13:08:05 PDT"]
[Termination "Mikhail_Antipov won by checkmate"]

1. e4 e5 2. Nf3 d5 3. exd5 e4 4. Qe2 Nf6 5. Nc3 Be7 6. Nxe4 O-O 7. d3 Re8 8. Bd2 Nxd5 9. Qd1 f5 10. Nc3 Nxc3 11. Bxc3 Bf6+ 12. Be2 Bxc3+ 13. bxc3 Qe7 14.
Qd2 Nc6 15. Kf1 Be6 16. a4 Rad8 17. h4 h6 18. h5 Bf7 19. d4 Na5 20. Re1 Qa3 21.
Bd3 Bc4 22. Ne5 Qxa4 23. Rh3 c5 24. Rg3 Rd6 25. Nxc4 Rde6 26. Ne5 cxd4 27. Qf4 Nc4 28. Qxf5 Nxe5 29. Qh7+ Kf8 30. Qxg7# 1-0

[Event "*** Titled Tuesday Blitz"]
[Site "Chess.com"]
[Date "2018.07.03"]
[Round "1"]
[White "Firouzja2003"]
[Black "dachessmandan"]
[Result "1-0"]
[WhiteElo "2817"]
[BlackElo "2427"]
[TimeControl "180+2"]
[EndTime "13:08:07 PDT"]
[Termination "Firouzja2003 won by resignation"]

1. e4 e5 2. Nf3 Nc6 3. Bc4 Be7 4.
O-O d6 5. c3 Nf6 6. d3 O-O 7.
Nbd2 a6 8. Bb3 b5 9. Re1 Bb7 10. Nf1 Na5 11. Bc2 c5 12. Ng3 g6 13. d4 Qc7 14. d5 Rfe8 15. b3 Bf8 16. Bg5 Bg7 17. Qc1 Bc8 18. h3 Bd7 19. Nh2 c4 20. b4 Nb7 21. f4 Qb6+ 22. Kh1 Qf2 23. Nhf1 exf4 24.
Bxf4 Nxd5 25. Bd2 Nxc3 26. e5 Bxe5 27. Rxe5 dxe5 28. Bxc3 Bc6 29. Ne4 Bxe4 30. Bxe4 Rab8 31. Ne3 Nd6 32. Ng4 Qf4 33. Qxf4 exf4 34. Nf6+ Kf8 35.
Bc6 Re2 36. Nd7+ Ke7 37. Nxb8 Nf5 38. Re1 Ng3+ 39. Kg1 Kd6 40. Bf3 Rc2 41. Be5+ 1-0

[Event "*** Titled Tuesday Blitz"]
[Site "Chess.com"]
[Date "2018.07.03"]
[Round "1"]
[White "florianschwabeneder"]
[Black "MikeSailer"]
[Result "1-0"]
[WhiteElo "2489"]
[BlackElo "2043"]
[TimeControl "180+2"]
[EndTime "13:08:07 PDT"]
[Termination "florianschwabeneder won by resignation"]

1. e4 d5 2. exd5 Qxd5 3. Nf3 Nf6 4. Be2 Bg4 5. O-O Nc6 6. h3 Bh5 7. d4 e6 8. c4 Qd8 9. Be3 Be7 10. Nc3 O-O 11. a3 a5 12. Qd2 Re8 13. Rfd1 Bf8 14. Qc2 Bg6 15. Qb3 Rb8 16. Qb5 Ne4 17. Nxe4 Bxe4 18.
Rac1 h6 19. Ne5 Nxe5 20. Qxe5 Bf5 21. Qxa5 Qh4 22. Qxc7 e5 23. dxe5 Rbc8 24. Qxb7 Be4 25. Qd7 Re6 26. Qxc8 Bxg2 27. Kxg2 Rg6+ 28. Bg4 h5 29. Rd8 hxg4 30. Rxf8+ 1-0

[Event "*** Titled Tuesday Blitz"]
[Site "Chess.com"]
[Date "2018.07.03"]
[Round "1"]
[White "gmcorrales"]
[Black "stolencandy13"]
[Result "1-0"]
[WhiteElo "2643"]
[BlackElo "2313"]
[TimeControl "180+2"]
[EndTime "13:08:13 PDT"]
[Termination "gmcorrales won by checkmate"]

1. d4 Nf6 2. Bf4 d5 3. e3 c5 4.
Nf3 Nc6 5. Nbd2 cxd4 6. exd4 Bg4 7. c3 e6 8. Qb3 Qb6 9. Qxb6 axb6 10. Ne5 Nxe5 11.
Bxe5 Be7 12. Bb5+ Kd8 13. f4 h5 14. O-O Bf5 15. Bxf6 Bxf6 16. Nf3 Ke7 17. Ne5 Ra5 18. a4 Be4 19. b4 Raa8 20. Nd7 Rac8 21. Rac1 Rc7 22.
Nxf6 Kxf6 23. Rfe1 Rhc8 24. c4 Kf5 25. c5 Kxf4 26.
Rc3 Kg5 27. Rg3+ Kf6 28. Rf1+ Bf5 29. cxb6 Rc3 30. Rxc3 Rxc3 31. a5 Rc8 32. Bd7 Rb8 33. b5 Ke7 34. Bc6 Kd6 35. Rc1 bxc6 36. Rxc6+ Kd7 37.
a6 e5 38. a7 Ra8 39. dxe5 d4 40. b7 Rxa7 41. b8=Q d3 42. Rd6+ Ke7 43. Qd8# 1-0

[Event "*** Titled Tuesday Blitz"]
[Site "Chess.com"]
[Date "2018.07.03"]
[Round "1"]
[White "Doraemon7"]
[Black "CarlssonLudvig"]
[Result "0-1"]
[WhiteElo "2491"]
[BlackElo "2132"]
[TimeControl "180+2"]
[EndTime "13:08:15 PDT"]
[Termination "CarlssonLudvig won by resignation"]

1. Nf3 Nf6 2. c4 g6 3. g3 Bg7 4. Bg2 O-O 5. O-O c6 6. b3 d5 7. Bb2 a5 8. Nc3 Na6 9. d3 Re8 10. Rc1 d4 11. Na4 e5 12. c5 Nd7 13. Nd2 Bf8 14. Ne4 Re6 15. f4 exf4 16. gxf4 f5 17. Ng5 Re8 18. Bxd4 Ndxc5 19. Ba1 Nxa4 20. bxa4 Be6 21.
Qc2 Bd5 22. Qc3 Bc5+ 23. Kh1 Bxg2+ 24. Kxg2 Rxe2+ 25. Kh3 Re3+ 26. Rf3 Rxf3+ 27. Nxf3 Bf8 28. Qh8+ Kf7 29. Ng5+ Ke8 30. Re1+ Kd7 31. Qe5 Kc8 32. Qe6+ Qd7 33. Qe8+ Kc7 34. Qxa8 Qxd3+ 35. Kh4 Qd2 36.
Rf1 Qxh2+ 37. Nh3 Be7+ 0-1

[Event "*** Titled Tuesday Blitz"]
[Site "Chess.com"]
[Date "2018.07.03"]
[Round "1"]
[White "sergeikim"]
[Black "Paralinch"]
[Result "0-1"]
[WhiteElo "2423"]
[BlackElo "2786"]
[TimeControl "180+2"]
[EndTime "13:08:16 PDT"]
[Termination "Paralinch won by checkmate"]

1. d4 d5 2. c4 c6 3. Nf3 Nf6 4. Qc2 dxc4 5. Qxc4 Bg4 6. Nbd2 Nbd7 7. e3 e6 8. Bd3 Be7 9. O-O O-O 10. b4 a5 11. b5 Nb6 12. Qc2 cxb5 13. Bxb5 Rc8 14. Qb2 Bb4 15. Qb3 Bf5 16. a3 Bc2 17. Qa2 Bd6 18.
a4 Nbd5 19. Ba3 Nc3 20. Qb2 Bxa4 21. Bxd6 Bxb5 22. Bxf8 Bxf1 23. Nxf1 Kxf8 24. Qxb7 Nd7 25. h3 a4 26. N1d2 Qc7 27. Qb4+ Kg8 28. g3 h6 29. Kg2 Rb8 30. Qc4 Qxc4 31. Nxc4 Rb4 32. Nfd2 Nb8 33. Ra3 Nb5 34. Ra2 Nc6 35. Na3 Nxa3 36. Rxa3 Na7 37. Rc3 Rb2 38. Ne4 Nb5 39. Rc8+ Kh7 40. Ra8 a3 41.
Nc5 a2 42. Nd3 Rd2 43. Nb4 Nc3 44. Kf3 Rb2 45. Nxa2 Rxa2 46. Rb8 Nd1 47. Rb7 Rxf2+ 48. Ke4 Rf5 49. g4 Nf2# 0-1

[Event "*** Titled Tuesday Blitz"]
[Site "Chess.com"]
[Date "2018.07.03"]
[Round "1"]
[White "The_Unbeatable_One"]
[Black "HanSchut"]
[Result "1-0"]
[WhiteElo "2619"]
[BlackElo "2283"]
[TimeControl "180+2"]
[EndTime "13:08:21 PDT"]
[Termination "The_Unbeatable_One won by resignation"]

1. e4 c5 2. Nf3 d6 3. d4 cxd4 4.
Nxd4 Nf6 5. Nc3 a6 6. Be3 e5 7. Nf3 Qc7 8. a4 Be7 9. a5 Be6 10. Be2 Nbd7 11. O-O O-O 12. Ng5 Bc4 13. Ra4 Bxe2 14.
Qxe2 Rac8 15. Nf3 Qc6 16. Rd1 Rfe8 17. h3 Bf8 18. Ne1 Nc5 19. Bxc5 dxc5 20. Nf3 Qc7 21. Nb1 Qc6 22. b3 h6 23. Rd3 Qe6 24. Nbd2 Nh5 25. g3 Qxh3 26. Nc4 f6 27. Ne3 g6 28. Nh4 Kh7 29. Qd1 Be7 30. Nef5 Bf8 31. g4 Nf4 32. Rxh3 Nxh3+ 33. Kh2 gxf5 34. Kxh3 fxg4+ 35. Kxg4 Be7 36. Nf5 Rg8+ 37. Kf3 Rcd8 38. Qh1 Bf8 39. Ra1 Rg5 40. Rd1 1-0

[Event "*** Titled Tuesday Blitz"]
[Site "Chess.com"]
[Date "2018.07.03"]
[Round "1"]
[White "Ravan_02"]
[Black "Quiet_Desperation"]
[Result "1-0"]
[WhiteElo "2467"]
[BlackElo "1835"]
[TimeControl "180+2"]
[EndTime "13:08:27 PDT"]
[Termination "Ravan_02 won by resignation"]

1. d4 Nf6 2. Nf3 e6 3. c4 Bb4+ 4. Nc3 b6 5. Bg5 h6 6. Bh4 Bb7 7. Nd2 O-O 8. e4 Be7 9. e5 Nh7 10. Bxe7 Qxe7 11. Bd3 Rd8 12. Be4 d5 13. exd6 cxd6 14.
Qf3 Bxe4 15. Ndxe4 Nd7 16. O-O Ndf6 17. Rad1 Rac8 18. b3 Nxe4 19. Nxe4 d5 20. cxd5 Rxd5 21. Nc3 Rdd8 22. d5 Nf6 23. Rfe1 Qb4 24. Ne4 Nxd5 25. h3 Ne7 26. Qg4 Qb5 27. Nd6 Rxd6 28. Rxd6 Rc2 29. Rd8+ Kh7 30. Qe4+ Qf5 31. Qxf5+ Nxf5 32. Rd7 Rxa2 33.
Rxf7 Nd4 34. Rd1 e5 35. Kh2 a5 36. Rc1 Rb2 37. Rcc7 Ne6 38. Rce7 Ng5 39. Rxg7+ 1-0

[Event "*** Titled Tuesday Blitz"]
[Site "Chess.com"]
[Date "2018.07.03"]
[Round "1"]
[White "moro182"]
[Black "Orest_Vovk"]
[Result "1-0"]
[WhiteElo "2589"]
[BlackElo "2233"]
[TimeControl "180+2"]
[EndTime "13:08:28 PDT"]
[Termination "moro182 won by checkmate"]

1. d4 e5 2. dxe5 Nc6 3. Nf3 Qe7 4. g3 Nxe5 5. Nxe5 Qxe5 6. Bg2 Qd6 7. O-O Qxd1 8.
Rxd1 Nf6 9. c4 Bc5 10. Nc3 a6 11. Bg5 Be7 12. e4 d6 13. Re1 Nd7 14. Bxe7 Kxe7 15.
Nd5+ Kd8 16. Rad1 Nf6 17. e5 Nxd5 18. Bxd5 Rf8 19. exd6 cxd6 20. c5 f6 21. cxd6 Re8 22. Rxe8+ Kxe8 23. Rd2 Rb8 24. f4 Bg4 25. Kf2 Kd7 26.
a3 b5 27. Be4 h6 28. b4 Rb6 29.
Ke3 Rxd6 30. Rxd6+ Kxd6 31. Kd4 Be6 32. Bb7 Kc7 33. Bd5 Bg4 34. Kc5 Bf5 35. Bb3 Be4 36. a4 bxa4 37. Bxa4 Bf3 38. Bc2 Bg2 39. Bd3 Bb7 40.
h4 Bc8 41. Kd5 Kd7 42. Bf5+ Kc7 43. Bxc8 Kxc8 44. Kc6 g5 45. fxg5 fxg5 46. hxg5 hxg5 47. Kb6 Kd7 48. Kxa6 Ke6 49. b5 Kf5 50. b6 Kg4 51. b7 Kxg3 52. b8=Q+ Kh3 53. Qh8+ Kg3 54. Kb5 g4 55. Kc4 Kf3 56. Kd3 g3 57. Qf6+ Kg2 58. Ke2 Kh1 59. Kf3 g2 60. Qh4+ Kg1 61. Qf2+ Kh1 62.
Qxg2# 1-0

[Event "*** Titled Tuesday Blitz"]
[Site "Chess.com"]
[Date "2018.07.03"]
[Round "1"]
[White "tgpgoat"]
[Black "plouarzel"]
[Result "0-1"]
[WhiteElo "1980"]
[BlackElo "2472"]
[TimeControl "180+2"]
[EndTime "13:08:29 PDT"]
[Termination "plouarzel won by resignation"]

1. Nf3 d6 2. d4 Nf6 3. Bg5 Nbd7 4. Nbd2 h6 5. Bh4 g5 6. Bg3 Bg7 7. e4 Nh5 8. c3 c5 9. h3 Nxg3 10. fxg3 cxd4 11. cxd4 Nf6 12. Bd3 Nh5 13. Nf1 Qa5+ 14. Qd2 Qxd2+ 15. Kxd2 Bd7 16. Ke3 Rc8 17. g4 Nf4 18. g3 Nxd3 19. Kxd3 Bb5+ 20. Kd2 O-O 21. Ne3 e6 22. Rhc1 Rfd8 23. Rxc8 Rxc8 24. h4 Bf6 25. b3 Kf8 26. h5 Ke7 27. a4 Bd7 28. Rc1 Rxc1 29. Kxc1 Bc6 30. d5 Be8 31. Kd2 Bd7 32.
Kd3 Kd8 33. Kd2 Kc7 34. Kd3 a5 35. Kd2 b5 36. axb5 Bxb5 37. Nc4 a4 38. Kc2 Bxc4 39. bxc4 Kb6 40. Nd2 Kc5 41. Kd3 Be5 42. Nb3+ axb3 0-1

[Event "*** Titled Tuesday Blitz"]
[Site "Chess.com"]
[Date "2018.07.03"]
[Round "1"]
[White "mishanick"]
[Black "Bauxi435"]
[Result "1-0"]
[WhiteElo "2868"]
[BlackElo "2431"]
[TimeControl "180+2"]
[EndTime "13:08:30 PDT"]
[Termination "mishanick won by resignation"]

1. e4 c5 2. Nf3 e6 3. d4 cxd4 4.
Nxd4 Nf6 5. Nc3 Nc6 6. Ndb5 Bc5 7. Nd6+ Ke7 8. Nc4 d5 9. exd5 Nxd5 10. Ne4 Bb6 11. Qg4 Kf8 12. Bg5 f6 13. Bh4 e5 14.
Qg3 Bf5 15. Bd3 Bxe4 16. Bxe4 Nf4 17. Qa3+ Qe7 18. Qxe7+ Kxe7 19. O-O Bc5 20. Rfd1 g5 21. Bg3 Ne6 22. c3 a6 23. Kf1 h5 24. f3 h4 25. Bf2 Bxf2 26. Kxf2 Rad8 27. Ne3 Kf7 28. b4 Nf4 29. a4 Rxd1 30. Rxd1 Rd8 31. Rxd8 Nxd8 32.
g3 hxg3+ 33. hxg3 Nfe6 34. Nc4 Ke7 35. Na5 b6 36. Nc4 b5 37. axb5 axb5 38. Na3 Nc7 39. Bd3 Kd6 40. Nxb5+ Nxb5 41. Bxb5 Ne6 42. Bd3 g4 43. fxg4 Ng5 44. Ke3 Kd5 45. c4+ Kd6 46.
Be4 Ne6 47. c5+ Kc7 48. Kd3 Nd4 49. Kc4 Ne2 50. b5 Nxg3 51. b6+ Kc8 52. Bd5 Ne2 53. c6 Nd4 54. c7 Kd7 55. Kc5 Kc8 56. Bc4 Kb7 57.
Ba6+ Kxa6 58. c8=Q+ 1-0